 Dungeon Crawl Stone Soup version 0.26.0-16-gc1dbca0489 (webtiles) character file.

Game seed: 10998317383354570709

316 littlecub the Skirmisher (level 6, 0/49 HPs)
             Began as a Demonspawn Fighter on Jan 19, 2021.
             Slain by an orc
             ... wielding a +0 club
              (4 damage)
             ... on level 3 of the Dungeon.
             The game lasted 00:06:45 (3547 turns).

littlecub the Skirmisher (Demonspawn Fighter)       Turns: 3547, Time: 00:06:46

Health: 0/49       AC:  6    Str: 18    XL:     6   Next: 20%
Magic:  6/6        EV:  7    Int: 10    God:
Gold:   207        SH:  9    Dex: 12    Spells: 5/5 levels left

rFire    . . .     SeeInvis .   a - +0 flail
rCold    + . .     Faith    .   c - +0 kite shield
rNeg     . . .     Spirit   .   b - +0 scale mail
rPois    .         Reflect  .   (helmet restricted)
rElec    .         Harm     .   (no cloak)
rCorr    .         Rampage  .   (no gloves)
Will     .....                  (no boots)
Stlth    ..........             (no amulet)
HPRegen  0.16/turn              k - ring of protection from cold
MPRegen  0.10/turn              (no ring)

@: no status effects
A: antennae 2, claws 1, hooves 1, miasma immunity
a: no special abilities


You were on level 3 of the Dungeon.
You visited 1 branch of the dungeon, and saw 3 of its levels.

You collected 207 gold pieces.

Inventory:

Hand Weapons
 a - a +0 flail (weapon)
Armour
 b - a +0 scale mail (worn)
 c - a +0 kite shield (worn)
Jewellery
 k - a ring of protection from cold (left claw)
Scrolls
 e - 2 scrolls of enchant weapon {unknown}
 f - 3 scrolls of amnesia {unknown}
 j - 2 scrolls of enchant armour {unknown}
 l - a scroll of random uselessness {unknown}
 p - 2 scrolls of identify {unknown}
Potions
 d - 4 potions of might
 g - a potion of attraction {unknown}
 h - a potion of degeneration {unknown}
 i - 2 potions of flight {unknown}
 m - a potion of curing {unknown}
 n - a potion of brilliance {unknown}
 o - a potion of berserk rage {unknown}


   Skills:
 * Level 4.7 Fighting
 * Level 3.7 Maces & Flails
 + Level 3.5 Armour
 + Level 3.5 Shields


You had 5 spell levels left.
You didn't know any spells.
Your spell library was empty.

Dungeon Overview and Level Annotations

Branches:
Dungeon (3/15)

Altars:


Innate Abilities, Weirdness & Mutations

You have a pair of antennae on your head.
You have sharp fingernails.
You have large cloven feet.
You are immune to miasma.


Message History

You closely miss the orc priest. You kick the orc priest.
The orc priest is heavily wounded.
The orc priest closely misses you. The frilled lizard bites you.
The orc hits you but does no damage.
The orc priest hits you with a +0 short sword.
* * * LOW HITPOINT WARNING * * *
Your scale mail prevents you from hitting the orc priest.
The orc priest is heavily wounded.
The orc priest hits you with a +0 hand axe.
* * * LOW HITPOINT WARNING * * *
The frilled lizard barely misses you. The orc hits you but does no damage.
The orc priest hits you with a +0 short sword.
* * * LOW HITPOINT WARNING * * *
The orc priest hits you with a +0 hand axe.
* * * LOW HITPOINT WARNING * * *
You closely miss the orc priest.
The orc priest is heavily wounded.
The frilled lizard bites you but does no damage.
The orc hits you with a +0 club.
You die...

.... .. .... .... ##.###
.... ......#....# ...
......#....# . ..
......#.<..##.# ## #
......#........ ...#
......ool...... ....
#.#@o...... #####.#........
#....?.....##.#
#.###.####.## #.....
#.#.#.........# #.... #
................ .......
#.#.#.#.####..#.# #...###
####.#.#.#.####..#.# #...###
.....[..........#.####(.....


You could see 2 orc priests, an orc and a frilled lizard.

Vanquished Creatures
  An ogre (D:3)
  A jelly (D:2)
  A worker ant (D:3)
  5 adders
  8 oozes
  A worm (D:3)
  2 dart slugs (D:2)
  A leopard gecko (D:2)
  7 orcs (D:3)
  8 bats
  5 giant cockroaches
  10 goblins
  2 hobgoblins
  4 jackals (D:1)
  18 kobolds
  A quokka (D:2)
  2 ball pythons
  5 frilled lizards
  6 rats
88 creatures vanquished.

Vanquished Creatures (others)
  2 fungi (D:2)
  9 toadstools (D:2)
11 creatures vanquished.

Grand Total: 99 creatures vanquished

Notes
Turn   | Place    | Note
-------+----------+-------------------------------------------
     0 | D:1      | littlecub the Demonspawn Fighter began the quest for the
                  | Orb.
     0 | D:1      | Reached XP level 1. HP: 18/18 MP: 1/1
   160 | D:1      | Gained mutation: You have a pair of small antennae on your
                  | head. [demonic ancestry]
   160 | D:1      | Reached XP level 2. HP: 11/24 MP: 2/2
   770 | D:1      | Gained mutation: You have a pair of antennae on your head.
                  | [demonic ancestry]
   770 | D:1      | Reached XP level 3. HP: 29/29 MP: 3/3
  1881 | D:2      | Gained mutation: You have large cloven feet. [demonic
                  | ancestry]
  1881 | D:2      | Reached XP level 4. HP: 21/37 MP: 4/4
  2205 | D:2      | Reached skill level 4 in Fighting
  2214 | D:2      | Gained mutation: You have sharp fingernails. [demonic
                  | ancestry]
  2214 | D:2      | Reached XP level 5. HP: 23/42 MP: 5/5
  2900 | D:3      | Noticed an ogre
  2911 | D:3      | Killed an ogre
  3266 | D:3      | Gained mutation: You are immune to miasma. [demonic
                  | ancestry]
  3266 | D:3      | Reached XP level 6. HP: 44/49 MP: 6/6
  3547 | D:3      | Slain by an orc

Illustrated notes

Levels and vault maps discovered:
D:1:      nagdon_arrival_double_spiral, layout_basic, minmay_stone_trees_small
D:2:      cheibrodos_fertilizer, layout_loops_cross
D:3:      layout_basic, uniq_crazy_yiuf_cottage

Skill      XL: |  1  2  3  4 |
---------------+-------------+-----
Maces & Flails | 2 3 |  3.7
Shields        | 3 |  3.5
Armour         | 3 |  3.5
Fighting       | 4 |  4.7

Action                   |  1- 3 |  4- 6 || total
-------------------------+-------+-------++-------
Melee: Flail             |   176 |   145 ||   321
       Kick              |       |    30 ||    30
Armor: Scale mail        |   110 |    89 ||   199
Dodge: Dodged            |    70 |    77 ||   147
Block: Kite shield       |   106 |   111 ||   217
